 Dungeon Crawl Stone Soup version 0.26.1-11-gd32895ea62 (webtiles) character file.

Game seed: 6198736309606240127

448 Zeld the Gusty (level 7, -1/50 HPs)
             Began as a Gnoll Air Elementalist on June 14, 2021.
             Slain by an ice beast (7 damage)
             ... on level 5 of the Dungeon.
             The game lasted 00:05:26 (5944 turns).

Zeld the Gusty (Gnoll Air Elementalist)             Turns: 5944, Time: 00:05:26

Health: -1/50      AC:  4    Str: 10    XL:     7   Next: 3%
Magic:  3/15       EV: 15    Int: 20    God:
Gold:   316        SH:  0    Dex: 15    Spells: 2/17 levels left

rFire    . . .     SeeInvis .     - Unarmed
rCold    . . .     Faith    .   (no shield)
rNeg     . . .     Spirit   .   a - +0 robe
rPois    .         Reflect  .   s - +0 helmet (curse)
rElec    .         Harm     .   (no cloak)
rCorr    .         Rampage  .   q - +0 pair of gloves
Will     .....                  (no boots)
Stlth    +++.......             (no amulet)
HPRegen  0.16/turn              (no ring)
MPRegen  0.14/turn              (no ring)

@: no status effects
A: distributed training, fangs 1, strong nose
a: no special abilities


You were on level 5 of the Dungeon.
You visited 1 branch of the dungeon, and saw 5 of its levels.

You collected 316 gold pieces.

Inventory:

Armour
 a - a +0 robe (worn)
 q - a +0 pair of gloves (worn)
 s - a cursed +0 helmet (worn)
Jewellery
 k - an uncursed ring of fire {unknown}
 o - a +4 ring of protection {unknown}
 p - an uncursed ring of protection from cold {unknown}
 w - an uncursed ring of see invisible {unknown}
Wands
 u - a wand of paralysis (6)
Scrolls
 b - 2 scrolls of enchant armour {unknown}
 d - 3 scrolls of remove curse {unknown}
 e - 5 scrolls of identify {unknown}
 g - 3 scrolls of teleportation {unknown}
 r - a scroll of immolation {unknown}
Potions
 c - a potion of lignification {unknown}
 f - a potion of might {unknown}
 h - a potion of ambrosia {unknown}
 i - a potion of mutation {unknown}
 j - a potion of invisibility {unknown}
 l - 2 potions of flight {unknown}
 m - 3 potions of curing {unknown}
 n - a potion of haste {unknown}
 t - 2 potions of degeneration {unknown}
 v - a potion of cancellation {unknown}


   Skills:
 + Level 2.2 Fighting
 + Level 2.2 Short Blades
 + Level 2.2 Long Blades
 + Level 2.2 Axes
 + Level 2.2 Maces & Flails
 + Level 2.2 Polearms
 + Level 2.2 Staves
 + Level 2.2 Slings
 + Level 2.2 Bows
 + Level 2.2 Crossbows
 + Level 2.2 Throwing
 + Level 2.2 Armour
 + Level 5.1 Dodging
 + Level 4.7 Stealth
 + Level 2.2 Shields
 + Level 2.2 Unarmed Combat
 + Level 5.5 Spellcasting
 + Level 2.8 Conjurations
 + Level 1.8 Hexes
 + Level 1.8 Summonings
 + Level 1.8 Necromancy
 + Level 1.8 Translocations
 + Level 1.8 Transmutations
 + Level 1.8 Fire Magic
 + Level 1.8 Ice Magic
 + Level 5.7 Air Magic
 + Level 1.8 Earth Magic
 + Level 1.8 Poison Magic
 + Level 2.4 Invocations
 + Level 2.2 Evocations


You had 2 spell levels left.
You knew the following spells:

 Your Spells              Type           Power        Failure   Level
a - Shock                 Conj/Air       88%          1%          1
b - Swiftness             Air            28%          1%          2
c - Static Discharge      Conj/Air       22%          5%          3
d - Airstrike             Air            14%          11%         4
e - Lightning Bolt        Conj/Air       11%          45%         5

Your spell library contained the following spells:

 Spells                   Type           Power        Failure   Level


Dungeon Overview and Level Annotations

Branches:
Dungeon (5/15)
 Temple: D:4-7

Altars:
Cheibriados
Dithmenos
Okawaru
Vehumet


Innate Abilities, Weirdness & Mutations

Your experience applies equally to all skills.
You have very sharp teeth.
Your uncanny sense of smell can sniff out nearby items.


Message History

The ice beast is severely wounded.
The ice beast hits you. The ice beast freezes you!
Casting: Shock (safe; 1% risk of failure)
Confirm with . or Enter, or press ? or * to list all spells.
Aiming: Shock (safe; 1% risk of failure)
Press: ? - help, Shift-Dir - straight line The zap hits the ice beast.
The ice beast is almost dead.
The ice beast hits you. The ice beast freezes you!
* * * LOW HITPOINT WARNING * * *
Casting: Shock (safe; 1% risk of failure)
Confirm with . or Enter, or press ? or * to list all spells.
Aiming: Shock (safe; 1% risk of failure)
Press: ? - help, Shift-Dir - straight line The zap hits the ice beast but does no damage.
The ice beast is almost dead.
The ice beast hits you.
* * * LOW HITPOINT WARNING * * *
The ice beast freezes you!
You die...

#.# #.# #.# ... #.#
#.# #.# ... #.# #.#
#.# #.# #.#
#.#######<#
.########.)).Y@...#
..($...##)#########
#...†# #....#
###....####
#....o....#.
#....o........
######..oY.....#.#.
∆ ............####
#


You could see an ice beast.

Vanquished Creatures
  A scorpion (D:2)
  A hound (D:5)
  An orc priest (D:5)
  A jelly (D:2)
  2 orc wizards (D:5)
  Robin (D:3)
  3 gnolls (D:3)
  5 adders
  An ufetubus (D:5)
  An adder zombie (D:3)
  3 worms
  2 dart slugs
  A leopard gecko (D:3)
  11 orcs
  A ball python (D:4)
  3 giant cockroaches
  25 goblins
  21 hobgoblins
  7 jackals
  3 quokkas
  10 bats
  4 frilled lizards
  10 kobolds
  11 rats
129 creatures vanquished.

Vanquished Creatures (others)
  A kobold (D:2)
  6 plants (D:2)
7 creatures vanquished.

Grand Total: 136 creatures vanquished

Notes
Turn   | Place    | Note
-------+----------+-------------------------------------------
     0 | D:1      | Zeld the Gnoll Air Elementalist began the quest for the
                  | Orb.
     0 | D:1      | Reached XP level 1. HP: 13/13 MP: 6/6
   237 | D:1      | Reached XP level 2. HP: 19/19 MP: 4/7
   847 | D:1      | Learned a level 2 spell: Swiftness
  1175 | D:1      | Reached XP level 3. HP: 25/25 MP: 5/9
  1179 | D:1      | Learned a level 3 spell: Static Discharge
  1231 | D:1      | Reached skill level 5 in Spellcasting
  1731 | D:2      | Found a radiant altar of Vehumet.
  1750 | D:2      | Reached skill level 1 in Invocations
  2006 | D:2      | Reached skill level 1 in Fighting
  2006 | D:2      | Reached skill level 1 in Short Blades
  2006 | D:2      | Reached skill level 1 in Long Blades
  2006 | D:2      | Reached skill level 1 in Axes
  2006 | D:2      | Reached skill level 1 in Maces & Flails
  2006 | D:2      | Reached skill level 1 in Polearms
  2006 | D:2      | Reached skill level 1 in Staves
  2006 | D:2      | Reached skill level 1 in Slings
  2006 | D:2      | Reached skill level 1 in Bows
  2006 | D:2      | Reached skill level 1 in Crossbows
  2006 | D:2      | Reached skill level 1 in Throwing
  2006 | D:2      | Reached skill level 1 in Armour
  2006 | D:2      | Reached skill level 1 in Shields
  2006 | D:2      | Reached skill level 1 in Unarmed Combat
  2006 | D:2      | Reached skill level 1 in Evocations
  2154 | D:2      | Reached XP level 4. HP: 32/32 MP: 9/11
  2159 | D:2      | Learned a level 4 spell: Airstrike
  2507 | D:2      | Found a snail-covered altar of Cheibriados.
  2599 | D:2      | Reached skill level 1 in Hexes
  2599 | D:2      | Reached skill level 1 in Summonings
  2599 | D:2      | Reached skill level 1 in Necromancy
  2599 | D:2      | Reached skill level 1 in Translocations
  2599 | D:2      | Reached skill level 1 in Transmutations
  2599 | D:2      | Reached skill level 1 in Fire Magic
  2599 | D:2      | Reached skill level 1 in Ice Magic
  2599 | D:2      | Reached skill level 1 in Earth Magic
  2599 | D:2      | Reached skill level 1 in Poison Magic
  2756 | D:2      | Reached XP level 5. HP: 37/37 MP: 6/12
  4336 | D:3      | Noticed Robin
  4356 | D:3      | Reached XP level 6. HP: 31/44 MP: 8/13
  4363 | D:3      | Learned a level 5 spell: Lightning Bolt
  4368 | D:3      | Killed Robin
  4920 | D:3      | Reached skill level 5 in Dodging
  5432 | D:4      | Found a shadowy altar of Dithmenos.
  5664 | D:4      | Found an iron altar of Okawaru.
  5760 | D:5      | Entered Level 5 of the Dungeon
  5918 | D:5      | Noticed an ice beast
  5940 | D:5      | Reached XP level 7. HP: 39/50 MP: 7/15
  5944 | D:5      | Slain by an ice beast

Illustrated notes

Levels and vault maps discovered:
D:1:      doesnt_arrival_eight_statues, layout_basic
D:2:      cheibrodos_greedy_goblins, layout_rooms, lemuel_doored_altar,
          fiery_altar_vehumet, serial_forest, infiniplex_forest_fountain,
          infiniplex_forest_join, infiniplex_forest_clump_double,
          infiniplex_forest_lined_3, infiniplex_forest_lined_2
D:3:      layout_basic, uniq_robin
D:4:      layout_rooms, general_overflow_altar, kennysheep_mini_moat
D:5:      layout_loops_ring, lemuel_round_altar, brannock_xom_greatest_gift

Skill      XL: |  1  2  3  4  5  6 |
---------------+-------------------+-----
Conjurations   | 2 |  2.8
Spellcasting   | 5 |  5.5
Invocations    | 1 2 |  2.4
Fighting       | 1 2 |  2.2
Short Blades   | 1 2 |  2.2
Long Blades    | 1 2 |  2.2
Axes           | 1 2 |  2.2
Maces & Flails | 1 2 |  2.2
Polearms       | 1 2 |  2.2
Staves         | 1 2 |  2.2
Slings         | 1 2 |  2.2
Bows           | 1 2 |  2.2
Crossbows      | 1 2 |  2.2
Throwing       | 1 2 |  2.2
Armour         | 1 2 |  2.2
Shields        | 1 2 |  2.2
Unarmed Combat | 1 2 |  2.2
Evocations     | 1 2 |  2.2
Hexes          | 1 |  1.8
Summonings     | 1 |  1.8
Necromancy     | 1 |  1.8
Translocations | 1 |  1.8
Transmutations | 1 |  1.8
Fire Magic     | 1 |  1.8
Ice Magic      | 1 |  1.8
Earth Magic    | 1 |  1.8
Poison Magic   | 1 |  1.8
Dodging        | 5 |  5.1
Stealth        | |  4.7
Air Magic      | |  5.7

Action                   |  1- 3 |  4- 6 |  7- 9 || total
-------------------------+-------+-------+-------++-------
Melee: Unarmed           |     5 |    10 |       ||    15
 Cast: Shock             |    91 |   176 |     5 ||   272
Armor: Robe              |     4 |     7 |       ||    11
Dodge: Dodged            |    10 |    45 |     2 ||    57
